 Dungeon Crawl Stone Soup version 0.31-a0-252-gc4385922b5 (webtiles) character file.

Game seed: 4566018097346024920

392 qw the Shooter (level 6, -6/52 HPs)
             Began as a Minotaur Hexslinger on July 12, 2023.
             Killed from afar by an orc wizard (7 damage)
             ... with a puff of flame
             ... on level 4 of the Dungeon.
             The game lasted 00:01:27 (3501 turns).

qw the Shooter (Minotaur Hexslinger)                Turns: 3501, Time: 00:01:28

Health: -6/52      AC:  3    Str: 12    XL:     6   Next: 51%
Magic:  6/6        EV: 12    Int: 10    God:
Gold:   201        SH:  5    Dex: 15    Spells: 6/7 levels left

rFire   . . .        Y - +1 sling
rCold   . . .        (no shield)
rNeg    . . .        i - +0 leather armour
rPois   .            (helmet restricted)
rElec   .            (no cloak)
rCorr   .            (no gloves)
SInv    .            (no boots)
Will    .....        a - amulet of reflection
Stlth   +            (no ring)
HPRegen 0.28/turn    (no ring)
MPRegen 0.10/turn

%: reflection
@: no status effects
A: horns 2, retaliatory headbutt
a: no special abilities


You were on level 4 of the Dungeon.
You visited 1 branch of the dungeon, and saw 4 of its levels.

You collected 201 gold pieces.


Innate Abilities, Weirdness & Mutations

You have a pair of horns on your head.
You reflexively headbutt those who attack you in melee.


   Skills:
 - Level 4.1 Fighting
 + Level 6.7 Ranged Weapons
 - Level 2.1 Dodging
 - Level 1.0 Spellcasting
 - Level 2.0 Hexes


You had 6 spell levels left.
You knew the following spells:

 Your Spells              Type           Power      Damage    Failure   Level
a - Slow                  Hex            16%        N/A       19%         1

Your spell library contained the following spells:

 Spells                   Type           Power      Damage    Failure   Level
 Inner Flame              Hex/Fire       2%         N/A       65%         3
 Portal Projectile        Hex/Tloc       4%         N/A       65%         3
 Cause Fear               Hex            2%         N/A       88%         4

Inventory:

Hand Weapons
 Y - a +1 sling (weapon)
Armour
 c - a +0 ring mail
 i - a +0 leather armour (worn)
Jewellery
 a - an amulet of reflection (around neck)
 k - a ring of protection from cold
Scrolls
 b - 2 scrolls of identify
 j - a scroll of torment {unknown}
 m - a scroll of brand weapon {unknown}
Potions
 d - 2 potions of curing
 e - a potion of enlightenment
 f - a potion of haste
 g - a potion of invisibility
 h - a potion of degeneration {unknown}
 l - a potion of berserk rage {unknown}

Dungeon Overview and Level Annotations

Branches:
Dungeon (4/15)
 Temple: D:4-7

Altars:

Annotations:
D:2 1 runed translucent door, Crazy Yiuf


Message History

You shoot a sling bullet. The sling bullet hits the orc priest.
The orc priest is heavily wounded.
Something hits you. You block the orc priest's attack.
You shoot a sling bullet. The sling bullet hits the orc priest.
The orc priest is severely wounded.
Something hits you.
The orc priest mumbles some strange prayers to Beogh against you.
Beogh smites you!
You shoot a sling bullet.
The sling bullet hits the endoplasm but does no damage.
The endoplasm is moderately wounded.
Something hits you but does no damage. The endoplasm freezes you.
You are frozen.
The orc priest hits you from afar with a +0 trident!
You shoot a sling bullet. The sling bullet hits the endoplasm.
The endoplasm is almost dead.
You block something's attack. Something hits you. The endoplasm freezes you.
You are frozen.
The orc priest hits you from afar with a +0 trident!
You shoot a sling bullet. The sling bullet hits the endoplasm.
You kill the endoplasm!
Something hits you. Something hits you but does no damage.
The orc priest hits you from afar with a +0 trident.
You shoot a sling bullet. The sling bullet hits the orc priest!
You kill the orc priest!
Something hits you. Something hits you but does no damage.
You shoot a sling bullet. You block something's attack. Something hits you.
You shoot a sling bullet.
You hear some strange, mumbled words.
Something tries to affect you, but you resist.
You block something's attack.
You shoot a sling bullet. Something hits you but does no damage.
Something hits you.
You hear some strange, mumbled words.
A puff of flame appears from out of thin air!
The puff of flame hits you!
You die...

.# #.# .#
...............
#.## .#
..).............
#...
................
#### .............
............
#..)....# #...{.#
#.{@# ### ##.## #.#
## #..# #.# #.
##.###.###########.
#.................
#.###.###########.
...# #.# #. #####
#.# #.
#.###########.


There were no monsters in sight!

Vanquished Creatures
  An ogre (D:3)
  A scorpion (D:4)
  2 orc priests (D:4)
  An orc wizard (D:3)
  3 gnolls (D:4)
  5 adders
  A worm (D:2)
  A dart slug (D:1)
  7 orcs
  7 endoplasms
  2 giant cockroaches
  9 hobgoblins
  6 quokkas
  5 ball pythons
  9 bats
  10 frilled lizards
  7 goblins
  11 kobolds
  3 rats (D:1)
91 creatures vanquished.

Notes
Turn   | Place    | Note
-------+----------+-------------------------------------------
     0 | D:1      | qw the Minotaur Hexslinger began the quest for the Orb.
     0 | D:1      | Reached XP level 1. HP: 16/16 MP: 1/1
     0 | D:1      | 0 ||| qw: Version: 0.3-a-52-g30416fa
     0 | D:1      | 0 ||| qw: Game counter: 6615
     0 | D:1      | 0 ||| qw: Melee chars always use a shield: true
     0 | D:1      | 0 ||| qw: God list: Okawaru
     0 | D:1      | 0 ||| qw: Allow faded altars: false
     0 | D:1      | 0 ||| qw: Do Orc after clearing Dungeon:15 true
     0 | D:1      | 0 ||| qw: Do second Lair branch before Depths: true
     0 | D:1      | 0 ||| qw: Lair rune preference: random
     0 | D:1      | 0 ||| qw: Goals: Normal
     0 | D:1      | 0 ||| PLANNING D:1-11
   157 | D:1      | Reached skill level 3 in Ranged Weapons
   159 | D:1      | Reached XP level 2. HP: 20/23 MP: 2/2
   446 | D:1      | Found a faded altar of an unknown god.
   675 | D:1      | Reached XP level 3. HP: 28/29 MP: 3/3
   810 | D:1      | 810 ||| READING 2 scrolls labelled YDUIZOAJUO.
   811 | D:1      | 811 ||| READING scroll labelled TIBYECH USOS.
   812 | D:1      | 812 ||| READING scroll labelled JERE MA ELOQOV.
   813 | D:1      | 813 ||| DRINKING 2 sapphire potions.
   814 | D:1      | 814 ||| DRINKING 2 cyan potions.
   815 | D:1      | 815 ||| DROPPING scroll of fear.
   816 | D:1      | 816 ||| DROPPING scroll of poison.
   921 | D:2      | Reached skill level 4 in Ranged Weapons
   951 | D:2      | 951 ||| FLEEEEING.
   952 | D:2      | 952 ||| FLEEEEING.
  1067 | D:2      | Reached XP level 4. HP: 32/36 MP: 4/4
  1647 | D:2      | Found a runed translucent door.
  1648 | D:2      | Noticed Crazy Yiuf
  1996 | D:2      | 1996 ||| UPGRADING to amulet of reflection.
  2001 | D:2      | 2001 ||| READING 2 scrolls labelled WEH JEDGHILYUS.
  2002 | D:2      | 2002 ||| READING scroll labelled TEDOYCH MUAS.
  2143 | D:3      | Reached skill level 5 in Ranged Weapons
  2155 | D:3      | Reached skill level 3 in Fighting
  2383 | D:3      | Noticed an ogre
  2389 | D:3      | HP: 6/38 [ogre/+0 giant club (30)]
  2390 | D:3      | 2390 ||| DRINKING potion of heal wounds.
  2394 | D:3      | Killed an ogre
  2395 | D:3      | Reached XP level 5. HP: 21/45 MP: 5/5
  2793 | D:3      | 2793 ||| UPGRADING to +0 leather armour.
  2803 | D:3      | 2803 ||| DROPPING +0 robe.
  2804 | D:3      | 2804 ||| READING scroll labelled RUOLASK SUCS.
  2805 | D:3      | 2805 ||| READING scroll labelled YNWOLI SUHUO.
  2806 | D:3      | 2806 ||| READING scroll labelled BYATYTOA CERAI.
  2809 | D:3      | 2809 ||| DRINKING 4 puce potions.
  2810 | D:3      | 2810 ||| DRINKING 2 grey potions.
  2811 | D:3      | 2811 ||| DRINKING 3 potions of curing.
  2811 | D:3      | 2811 ||| (to cure confusion)
  2812 | D:3      | 2812 ||| READING 2 scrolls of identify.
  2812 | D:3      | 2812 ||| IDENTIFYING bubbling red potion
  2813 | D:3      | 2813 ||| DROPPING potion of ambrosia.
  2842 | D:4      | Reached skill level 6 in Ranged Weapons
  2996 | D:4      | Reached XP level 6. HP: 34/52 MP: 6/6
  3496 | D:4      | HP: 9/52 [orc priest/+0 trident (9)]
  3498 | D:4      | HP: 3/52 [something (2)]
  3501 | D:4      | HP: 1/52 [something (1)]
  3501 | D:4      | Killed from afar by an orc wizard

Levels and vault maps discovered:
D:1:      lemuel_arrival_room, layout_loops_cross,
          dreamdust_ecumenical_altar_hidden_monk_grotto,
          kennysheep_decorative_pillar, minmay_misc_feat_chi, minmay_lizard_pond
D:2:      layout_basic, serial_glass, glass_columns_a, glass_columns_a,
          minmay_indecisive_spiral, uniq_crazy_yiuf_cottage
D:3:      layout_basic
D:4:      layout_loops_ring, nicolae_figureground_pulse

Skill      XL: |  1  2  3  4  5 |
---------------+----------------+-----
Ranged Weapons | 3 4 5 6 |  6.7
Fighting       | 2 3 4 |  4.1
Dodging        | |  2.1
Spellcasting   | |  1.0
Hexes          | |  2.0

Action                     |  1- 3 |  4- 6 || total
---------------------------+-------+-------++-------
   Fire: Sling             |   145 |   196 ||   341
    Use: Scroll            |     3 |     6 ||     9
         Potion            |     2 |     4 ||     6
 Armour: Robe              |     7 |     1 ||     8
         Leather armour    |       |     6 ||     6
  Dodge: Dodged            |    48 |    43 ||    91
  Block: Other             |       |    14 ||    14

Table legend:
 A = Non-vault XP
 B = Vault XP
 C = Vault XP percentage of total XP
 D = Non-vault monster count
 E = Vault monster count
 F = Vault count percentage of total count
                 A         B        C        D         E       F
            +---------+---------+-------+---------+---------+-------
      Total |     538 |      23 |   4.1 |      82 |       9 |   9.9
            +---------+---------+-------+---------+---------+-------
        D:1 |      44 |       5 |  10.2 |      30 |       5 |  14.3
        D:2 |      71 |      18 |  20.2 |      19 |       4 |  17.4
        D:3 |     166 |       0 |   0.0 |      11 |       0 |   0.0
        D:4 |     257 |       0 |   0.0 |      22 |       0 |   0.0
            +---------+---------+-------+---------+---------+-------
